 Dungeon Crawl Stone Soup version 0.27-a0-538-g15ff5c5295 (webtiles) character file.

Game seed: 7501344920202454117

3923 jasper the Slicer (level 10, -5/71 HPs)
             Began as a Human Fighter on Mar 7, 2021.
             Was a Believer of Cheibriados.
             Slain by Duvessa
             ... wielding a +2 short sword of freezing
              (7 damage)
             ... on level 6 of the Dungeon.
             The game lasted 00:10:47 (7869 turns).

jasper the Slicer (Human Fighter)                   Turns: 7869, Time: 00:10:48

Health: -5/71      AC: 10    Str: 18    XL:     10   Next: 44%
Magic:  10/10      EV:  8    Int: 13    God:    Cheibriados [**....]
Gold:   180        SH: 11    Dex: 20    Spells: 9/9 levels left

rFire    + + .     SeeInvis .   t - +2 scimitar of the Jumping Seeker {vorpal, rPois rF++ rC+ Str-2}
rCold    + + .     Faith    .   c - +1 kite shield
rNeg     . . .     Spirit   .   o - +0 swamp dragon scales
rPois    +         Reflect  .   (no helmet)
rElec    .         Harm     .   l - +0 cloak
rCorr    .         Rampage  .   (no gloves)
Will     .....                  F - +0 pair of boots
Stlth    +.........             (no amulet)
HPRegen  0.21/turn              d - ring of protection from cold
MPRegen  0.12/turn              (no ring)

@: very slow
A: no striking features
a: Renounce Religion, Bend Time


You were on level 6 of the Dungeon.
You worshipped Cheibriados.
Cheibriados was pleased with you.
You visited 2 branches of the dungeon, and saw 9 of its levels.

You collected 369 gold pieces.
You spent 189 gold pieces at shops.

Inventory:

Hand Weapons
 a - a +0 rapier
 t - the +2 scimitar of the Jumping Seeker (weapon) {vorpal, rPois rF++ rC+ Str-2}
   (You bought it in a shop on level 4 of the Dungeon)

   It inflicts extra damage upon your enemies.
   It affects your strength (-2).
   It greatly protects you from fire.
   It protects you from cold.
   It protects you from poison.
Missiles
 e - 192 stones
 g - 4 datura-tipped darts
 k - 5 poisoned darts (quivered)
 p - a throwing net
Armour
 b - a +0 scale mail
 c - a +1 kite shield (worn)
 i - a +0 ring mail
 l - a +0 cloak (worn)
 o - +0 swamp dragon scales (worn)
 F - a +0 pair of boots (worn)
Jewellery
 d - a ring of protection from cold (left hand)
 h - an amulet of faith
 m - an amulet of magic regeneration
 q - a +6 ring of intelligence
 G - a +4 ring of evasion
Wands
 E - a wand of iceblast (9)
Scrolls
 f - 3 scrolls of enchant armour
 s - a scroll of magic mapping {unknown}
 u - 2 scrolls of teleportation {unknown}
 x - a scroll of amnesia {unknown}
 y - a scroll of identify {unknown}
 A - a scroll of torment {unknown}
 B - a scroll of enchant weapon {unknown}
 D - a scroll of fear {unknown}
Potions
 j - 3 potions of haste
 n - a potion of cancellation {unknown}
 r - a potion of curing {unknown}
 v - a potion of lignification {unknown}
 w - a potion of invisibility {unknown}
 z - a potion of attraction {unknown}
 C - a potion of brilliance {unknown}


   Skills:
 - Level 3.8 Fighting
 * Level 13.4 Short Blades
 - Level 3.8 Armour
 - Level 3.8 Shields


You had 9 spell levels left.
You didn't know any spells.
Your spell library contained the following spells:

 Spells                   Type           Power      Damage    Failure   Level
 Shock                    Conj/Air       0%         1d3       92%         1
 Swiftness                Air            0%         N/A       98%         2
 Confusing Touch          Hex            0%         N/A       100%        3
 Gell's Gravitas          Tloc           0%         N/A       100%        3
 Static Discharge         Conj/Air       0%         N/A       100%        3
 Airstrike                Air            0%         N/A       100%        4
 Petrify                  Tmut/Erth      0%         N/A       100%        4
 Lightning Bolt           Conj/Air       0%         1d11      100%        5
 Metabolic Englaciation   Hex/Ice        0%         N/A       100%        5
 Yara's Violent Unravell  Hex/Tmut       0%         3d3       100%        5


Dungeon Overview and Level Annotations

Branches:
Dungeon (8/15)             Temple (1/1) D:7
   Lair: D:8-11

Altars:
Ashenzari
Cheibriados
Dithmenos
Elyvilon
Fedhas
Hepliaklqana
Kikubaaqudgha
Makhleb
Nemelex Xobeh
Okawaru
Qazlal
Ru
Sif Muna
Trog
Uskayaw
Vehumet
Wu Jian
Xom
Yredelemnul
Zin
The Shining One

Shops:
D:4 (

Annotations:
D:6 Duvessa


Message History

You block Duvessa's attack.
You take 2 damage, and have 29/71 hp.
You hit Duvessa but do no damage.
Duvessa is severely wounded.
You block Duvessa's attack.
You barely miss Duvessa.
Duvessa is severely wounded.
Duvessa hits you with a +2 short sword of freezing!
* * * LOW HITPOINT WARNING * * *
Duvessa freezes you.
* * * LOW HITPOINT WARNING * * *
You block Duvessa's attack.
You take 14 damage, and have 15/71 hp.
Aiming: Iceblast
Press: ? - help, Shift-Dir - straight line, p - Duvessa
Okay, then.
You hit Duvessa but do no damage.
Duvessa is almost dead.
Duvessa looks more healthy.
Duvessa closely misses you. You block Duvessa's attack.
You hit Duvessa but do no damage.
Duvessa is almost dead.
Duvessa hits you with a +2 short sword of freezing!
* * * LOW HITPOINT WARNING * * *
Duvessa hits you with a +2 short sword of freezing.
* * * LOW HITPOINT WARNING * * *
You take 15 damage, and have 1/71 hp.
MASSIVE DAMAGE!!
Okay, then.
You barely miss Duvessa.
Duvessa is almost dead.
You block Duvessa's attack. x2
Okay, then.
You closely miss Duvessa.
Duvessa is almost dead.
You block Duvessa's attack.
Okay, then.
You hit Duvessa.
Duvessa is almost dead.
Duvessa hits you with a +2 short sword of freezing!
You die...

≈.# #.#..##..#############
≈..##.#..##...#
≈≈.(#.#..###†##
≈≈..(...)##...## ######
♣≈.##..(.#.....###≈≈≈≈####
#....#≈.⌠..##...[.≈≈≈#
#.#..#≈≈...#....#...≈≈
..##.#?e##≈≈≈..§..##..⌠.≈
P.......(@####§≈≈≈###.....
(..##.#.#.# ###### ##...#
#.#.#.# ##.## # #.#.#
#...# #..).(....# ##.##
#..(......# ##.##
#..(......# #..##
#.#.........# #.###
#.#..>......# #.##.


You could see Duvessa (berserk).

Vanquished Creatures
  Harold (D:8)
  Pikel (D:7)
  Maggie (D:7)
  Grinder (D:3)
  2 steam dragons (D:6)
  2 ice beasts
  A centaur (D:5)
  2 phantoms
  A bullfrog (D:6)
  Dowan (D:6)
  4 electric eels (D:6)
  13 wights
  A bullfrog zombie (D:7)
  A centaur zombie (D:7)
  4 hounds
  3 bullfrog skeletons
  2 orc priests (D:7)
  Terence (D:2)
  Jessica (D:2)
  2 iguanas
  An orc wizard (D:7)
  4 worker ants
  A worker ant zombie (D:5)
  A gnoll (D:3)
  12 adders
  A shadow imp (D:5)
  2 white imps (D:6)
  2 adder zombies (D:6)
  3 adder skeletons (D:5)
  5 worms
  6 leopard geckos
  9 orcs
  13 bats
  2 giant cockroaches (D:2)
  5 goblins
  6 hobgoblins
  12 jackals
  3 quokkas
  A ball python (D:3)
  8 frilled lizards
  A jackal skeleton (D:5)
  6 kobolds
  4 rats
153 creatures vanquished.

Vanquished Creatures (others)
  A white imp (D:6)
  45 plants (D:6)
46 creatures vanquished.

Grand Total: 199 creatures vanquished

Notes
Turn   | Place    | Note
-------+----------+-------------------------------------------
     0 | D:1      | jasper the Human Fighter began the quest for the Orb.
     0 | D:1      | Reached XP level 1. HP: 18/18 MP: 1/1
   232 | D:1      | Reached XP level 2. HP: 24/24 MP: 2/2
   428 | D:1      | Reached XP level 3. HP: 27/29 MP: 3/3
   498 | D:1      | You fall into a shaft and drop 1 floor!
   639 | D:2      | Noticed Jessica
   663 | D:2      | Killed Jessica
   664 | D:2      | Reached skill level 3 in Short Blades
   664 | D:2      | Reached XP level 4. HP: 30/35 MP: 4/4
   904 | D:2      | Noticed Terence
   932 | D:2      | Killed Terence
   995 | D:2      | Reached XP level 5. HP: 41/41 MP: 5/5
  2065 | D:3      | Reached XP level 6. HP: 39/48 MP: 6/6
  2178 | D:3      | Reached skill level 4 in Short Blades
  2254 | D:3      | Noticed Grinder
  2255 | D:3      | Paralysed by Grinder for 4 turns
  2283 | D:3      | Killed Grinder
  2284 | D:3      | Reached skill level 5 in Short Blades
  2284 | D:3      | Reached XP level 7. HP: 27/53 MP: 7/7
  3665 | D:4      | Found Xyakles's Antique Weapon Emporium.
  3676 | D:4      | Bought a smoking scimitar for 189 gold pieces
  3676 | D:4      | Identified the +2 scimitar of the Jumping Seeker {vorpal,
                  | rPois rF++ rC+ Str-2} (You bought it in a shop on level 4
                  | of the Dungeon)
  3765 | D:5      | Entered Level 5 of the Dungeon
  3769 | D:5      | Reached skill level 6 in Short Blades
  3947 | D:5      | Reached skill level 7 in Short Blades
  4198 | D:5      | Reached XP level 8. HP: 49/60 MP: 8/8
  4289 | D:5      | Reached skill level 8 in Short Blades
  5241 | D:7      | Noticed Maggie
  5254 | D:7      | Killed Maggie
  5255 | D:7      | Reached skill level 9 in Short Blades
  5410 | D:7      | Found a staircase to the Ecumenical Temple.
  5425 | Temple   | Entered the Ecumenical Temple
  5485 | Temple   | Became a worshipper of Cheibriados the Contemplative
  5537 | Temple   | Reached XP level 9. HP: 13/64 MP: 9/9
  5801 | D:7      | Reached skill level 10 in Short Blades
  6342 | D:7      | Reached * piety under Cheibriados
  6357 | D:7      | Reached skill level 11 in Short Blades
  6531 | D:7      | Found a shadowy altar of Dithmenos.
  6846 | D:7      | Noticed Pikel
  6856 | D:7      | Killed Pikel
  6857 | D:7      | Reached skill level 12 in Short Blades
  7060 | D:8      | Noticed Harold
  7081 | D:8      | Reached XP level 10. HP: 71/71 MP: 10/10
  7104 | D:8      | Killed Harold
  7105 | D:8      | Reached skill level 13 in Short Blades
  7809 | D:6      | Reached ** piety under Cheibriados
  7827 | D:6      | Noticed Duvessa
  7827 | D:6      | Noticed Dowan
  7848 | D:6      | Killed Dowan
  7866 | D:6      | HP: 1/71 [Duvessa/+2 short sword of freezing (3)]
  7869 | D:6      | Slain by Duvessa

Illustrated notes

Levels and vault maps discovered:
D:1:      dpeg_arrival_rhombi, layout_loops_ring, st_stairs_5
D:2:      layout_loops_ring, uniq_jessica, uniq_terence
D:3:      minmay_wonky_spiral, layout_basic, uniq_grinder
D:4:      layout_basic, serial_shops, shop
D:5:      layout_loops_ring
D:6:      cheibrodos_steamvent, layout_basic, grunt_gozag_statues, serial_bayou,
          serial_bayou_shore_a, serial_bayou_pond_c, serial_bayou_pond_e,
          serial_bayou_pond_d, serial_bayou_pond_b, serial_bayou_pond_c,
          ebering_ghost_reflecting_pool, uniq_duvessa
D:7:      layout_gridville, minmay_temple_entry_statues_pillars, nrook_uturn,
          grunt_dithmenos_smoke_and_mirrors, uniq_pikel, uniq_maggie
D:8:      layout_gridville, special_room [special_room_orc],
          grunt_ashenzari_visionary [grunt_ashenzari_visionary_swamp,
          grunt_ashenzari_visionary_snake], uniq_erica, uniq_harold,
          uniq_prince_ribbit1
Temple:   grunt_wide_crystal_templ

Skill      XL: |  1  2  3  4  5  6  7  8  9 10 |
---------------+-------------------------------+-----
Short Blades   | 3 5 7 9 12 13 | 13.4
Fighting       | |  3.8
Armour         | |  3.8
Shields        | |  3.8

Action                   |  1- 3 |  4- 6 |  7- 9 | 10-12 || total
-------------------------+-------+-------+-------+-------++-------
Melee: Rapier            |    84 |   174 |    75 |       ||   333
       Scimitar          |       |       |   230 |    57 ||   287
Throw: Stone             |    14 |     3 |       |       ||    17
       Dart              |       |    20 |    17 |    15 ||    52
Evoke: Wand              |       |       |    10 |    12 ||    22
  Use: Potion            |     1 |     2 |     2 |       ||     5
       Scroll            |       |     1 |       |       ||     1
 Stab: Paralysed         |       |       |     7 |       ||     7
Armor: Scale mail        |    35 |       |       |       ||    35
       Ring mail         |     8 |    58 |    76 |       ||   142
       Swamp dragon scal |       |       |    50 |    14 ||    64
Dodge: Dodged            |    28 |    68 |    98 |    20 ||   214
Block: Kite shield       |    51 |    68 |   206 |    29 ||   354
       Rpst.: Scimitar   |       |       |    20 |     5 ||    25

Table legend: (Time is in decaauts)
 A = Elapsed time spent in this place.
 B = Non-inter-level travel time spent in this place.
 C = Inter-level travel time spent in this place.
 D = Time resting spent in this place.
 E = Time spent auto-exploring this place.
 F = Levels seen in this place.
 G = Mean time per level.
                   A        B        C        D        E       F      G
               +--------+--------+--------+--------+--------+-----+--------+
         Total |   8365 |   8114 |    251 |   1004 |   5603 |   9 |  929.4 |
       Dungeon |   8026 |   7790 |    236 |    749 |   5548 |   8 | 1003.2 |
        Temple |    339 |    324 |     15 |    255 |     55 |   1 |  339.0 |
               +--------+--------+--------+--------+--------+-----+--------+

Top non-repeatable levels by time:
     D:3: 1812 daAuts
     D:7: 1743 daAuts
     D:5: 1244 daAuts
     D:2: 1028 daAuts
     D:4: 593 daAuts
     D:6: 584 daAuts
     D:1: 525 daAuts
     D:8: 494 daAuts
  Temple: 339 daAuts
